 Dungeon Crawl Stone Soup version 0.29-a0-284-gf9362112df (console) character file.

Game seed: 3089054383146717913

2342 jejorda2 the Slicer (level 9, -13/55 HPs)
             Began as a Tengu Brigand on Mar 25, 2022.
             Was a Believer of Okawaru.
             Killed from afar by a steam dragon (16 damage)
             ... with a ball of steam
             ... on level 7 of the Dungeon.
             The game lasted 00:21:07 (8311 turns).

jejorda2 the Slicer (Tengu Brigand)                 Turns: 8311, Time: 00:21:08

Health: -13/55     AC:  7    Str: 12    XL:     9   Next: 43%
Magic:  10/12      EV: 22    Int: 12    God:    Okawaru [**....]
Gold:   392        SH:  0    Dex: 19    Spells: 8/8 levels left

rFire   . . .      SeeInvis .   a - +5 dagger
rCold   . . .      Faith    .   (no shield)
rNeg    . . .      Spirit   .   h - +0 leather armour
rPois   .          Reflect  .   (helmet restricted)
rElec   .          Harm     .   c - +0 cloak
rCorr   .          Rampage  .   k - +1 pair of gloves
Will    .....                   (boots unavailable)
Stlth   ++++......              (no amulet)
HPRegen 0.18/turn               j - +4 ring of evasion
MPRegen 0.13/turn               (no ring)

@: heroic, flying quickly and evasively, quick
A: beak, talons 3, nimble flight
a: Renounce Religion, Heroism


You were on level 7 of the Dungeon.
You worshipped Okawaru.
Okawaru was pleased with you.
You visited 2 branches of the dungeon, and saw 8 of its levels.
You also visited: Sewer.

You collected 447 gold pieces.
You spent 55 gold pieces at shops.

Inventory:

Hand Weapons
 a - a +5 dagger (weapon)
Missiles
 d - 16 poisoned darts
 e - 3 curare-tipped darts
 g - 83 stones (quivered)
 l - 2 throwing nets
 y - 2 boomerangs
 E - 2 atropa-tipped darts
Armour
 b - a +0 robe
 c - a +0 cloak (worn)
 h - a +0 leather armour (worn)
 k - a +1 pair of gloves (worn)
 u - a +0 plate armour
Jewellery
 j - a +4 ring of evasion (left hand)
 m - a +6 ring of intelligence
Wands
 s - a wand of digging (3)
 w - a wand of acid (6)
 B - a wand of paralysis (14)
Scrolls
 f - a scroll of immolation
 o - a scroll of amnesia {unknown}
 t - 3 scrolls of teleportation
 v - a scroll of enchant armour
 x - a scroll of magic mapping
 C - a scroll of identify
 D - a scroll of enchant weapon {unknown}
Potions
 i - 4 potions of lignification
 n - 2 potions of curing
 p - 2 potions of resistance
 q - 5 potions of mutation
 r - 2 potions of ambrosia
 z - 3 potions of heal wounds
 A - a potion of berserk rage
 F - a potion of attraction


   Skills:
 - Level 6.0(11.0) Fighting
 * Level 9.2(14.2) Short Blades
 + Level 5.9(10.9) Throwing
 - Level 1.1(6.1) Dodging
 - Level 4.0(9.0) Stealth
 + Level 3.9 Invocations


You had 8 spell levels left.
You didn't know any spells.
Your spell library was empty.

Dungeon Overview and Level Annotations

Branches:
Dungeon (7/15)             Temple (1/1) D:4           Sewer (visited)

Altars:
Ashenzari
Cheibriados
Dithmenos
Gozag
Hepliaklqana
Kikubaaqudgha
Makhleb
Nemelex Xobeh
Okawaru
Qazlal
Ru
Sif Muna
Trog
Vehumet
Wu Jian
Xom
The Shining One

Shops:
D:5 !


Innate Abilities, Weirdness & Mutations

You have a beak for a mouth.
You have claws for feet.
Your magical nature lets you fly swiftly and evasively.


Message History

The bullfrog hits you but does no damage.
You hit the bullfrog.
The bullfrog is almost dead.
The bullfrog hits you.
You barely miss the bullfrog.
The bullfrog is almost dead.
You puncture the bullfrog!
You kill the bullfrog!
Okawaru accepts your kill.
Training target 6.0 for Fighting reached!
Your Fighting skill increases to level 6!
You see here a bullfrog corpse.
A steam dragon comes into view.
Found a ring mail.
The steam dragon hisses angrily.
The steam dragon breathes steam at you. The ball of steam hits you!!
You hear a shout!
You are engulfed in a cloud of scalding steam.
* * * LOW HITPOINT WARNING * * *
You hear an angry growl.
The steam dragon bites you but does no damage.
The steam dragon barely misses you.
You hear a shout!
You hit the steam dragon but do no damage.
Your kick misses the steam dragon.
You are engulfed in a cloud of scalding steam.
* * * LOW HITPOINT WARNING * * *
The steam dragon bites you.
* * * LOW HITPOINT WARNING * * *
The steam dragon claws you but does no damage.
You hit the steam dragon. You claw the steam dragon.
You peck the steam dragon, but do no damage.
The steam dragon is lightly wounded.
The steam dragon closely misses you. The steam dragon barely misses you.
You gain the combat prowess of a mighty hero.
The steam dragon completely misses you. x2
The steam dragon breathes steam at you. The ball of steam hits you!
You die...

#.# #.# #.# #.# # ##†##
#.#
####.####§..########.#
.[.......§.........#.#
####.##D#...##.###.#.##
........§..###........#
......#.#§.# #.##.....#
.###....#.@# #.##....##
#..#.#..###.#####.#
#...........[.....# ##
#...####.#######
###.####.### #.##.....#
#.##.....# #. #.....#
#.....#


There were no monsters in sight!

Vanquished Creatures
  An orc warrior (D:6)
  A sky beast (D:6)
  3 black bears
  3 ice beasts
  An ogre (D:6)
  2 scorpions
  2 necrophages
  2 bullfrogs
  3 wights (D:6)
  A crimson imp (D:2)
  4 howler monkeys
  2 hounds
  An orc priest (D:6)
  A gnoll shaman (D:4)
  A jelly (D:7)
  Ijyb (D:4)
  7 iguanas
  An orc wizard (D:5)
  A merfolk avatar (Sewer)
  A merfolk siren (Sewer)
  7 gnolls
  17 adders
  A river rat (Sewer)
  A shadow imp (D:5)
  A white imp (D:7)
  An ufetubus (D:6)
  3 worms
  3 dart slugs
  12 orcs
  7 bats
  2 endoplasms
  4 giant cockroaches
  5 hobgoblins
  2 jackals (D:3)
  10 quokkas
  13 ball pythons
  9 frilled lizards
  12 goblins
  3 goblin skeletons (D:3)
  A goblin zombie (D:3)
  5 hobgoblin zombies (D:3)
  4 kobolds
  A kobold skeleton (D:3)
  2 kobold zombies (D:3)
  An orc skeleton (D:3)
  30 rats
196 creatures vanquished.

Notes
Turn   | Place    | Note
-------+----------+-------------------------------------------
     0 | D:1      | jejorda2 the Tengu Brigand began the quest for the Orb.
     0 | D:1      | Reached XP level 1. HP: 12/12 MP: 2/2
   254 | D:1      | Found a faded altar of an unknown god.
   287 | D:1      | Reached XP level 2. HP: 17/17 MP: 3/3
   810 | D:1      | Reached skill level 3 in Short Blades
   974 | D:2      | Reached XP level 3. HP: 22/22 MP: 4/4
  1930 | D:3      | Reached XP level 4. HP: 27/27 MP: 5/5
  2484 | D:3      | Found a glowing golden altar of the Shining One.
  2508 | D:2      | Reached skill level 4 in Short Blades
  2508 | D:2      | Gained mutation: Your magical nature lets you fly swiftly
                  | and evasively. [Tengu growth]
  2508 | D:2      | Reached XP level 5. HP: 32/32 MP: 6/6
  2604 | D:3      | Found an ancient bone altar of Kikubaaqudgha.
  2992 | D:4      | Noticed Ijyb
  2997 | D:4      | Killed Ijyb
  3101 | D:4      | Found a glowing drain.
  3183 | Sewer    | Entered a sewer
  3256 | Sewer    | Reached skill level 5 in Short Blades
  3256 | Sewer    | Reached XP level 6. HP: 37/37 MP: 7/7
  3961 | D:4      | Found a staircase to the Ecumenical Temple.
  3978 | D:4      | Noticed a black bear
  3999 | Temple   | Entered the Ecumenical Temple
  4131 | Temple   | Became a worshipper of Warmaster Okawaru
  4154 | D:4      | Killed a black bear
  4155 | D:4      | Reached XP level 7. HP: 37/42 MP: 8/8
  4249 | D:4      | Reached skill level 6 in Short Blades
  4387 | D:4      | Reached skill level 1 in Invocations
  5069 | D:5      | Entered Level 5 of the Dungeon
  5116 | D:5      | Reached * piety under Okawaru
  5117 | D:5      | Reached XP level 8. HP: 40/48 MP: 10/10
  5208 | D:5      | Reached skill level 7 in Short Blades
  5522 | D:5      | Found Ykhog's Distillery.
  5560 | D:5      | Bought a potion of heal wounds for 55 gold pieces
  5700 | D:5      | Reached skill level 5 in Fighting
  5700 | D:5      | Reached skill level 5 in Throwing
  6017 | D:6      | Reached ** piety under Okawaru
  6018 | D:6      | Reached skill level 8 in Short Blades
  6325 | D:6      | Found a sacrificial altar of Ru.
  6427 | D:6      | Reached XP level 9. HP: 27/54 MP: 12/12
  7341 | D:6      | Reached skill level 9 in Short Blades
  7972 | D:6      | Found a sacrificial altar of Ru.
  8306 | D:7      | HP: 2/55 [steam dragon (6)]
  8311 | D:7      | Killed from afar by a steam dragon

Illustrated notes

Levels and vault maps discovered:
D:1:      saegor_arrival_simple_e, layout_loops_cross,
          chequers_ecumenical_altar_grove, nrook_campfire, hangedman_decor_push
D:2:      layout_loops_corners, minmay_misc_feat_four_crosses
D:3:      layout_rooms, mainiacjoe_overflow_catwalk,
          nicolae_tso_besieged_by_evil, dk_vineyard_3
D:4:      layout_basic, temple_fountains, cheibrodos_sewer_entry_sluice,
          hangedman_minor_gate_pass, uniq_ijyb
D:5:      layout_rooms, serial_shops, nicolae_diamond_shop
D:6:      layout_basic, mainiacjoe_overflow_brackets, ldierk_geyser,
          palyth_stone_intersect
D:7:      layout_loops_ring, zin_treasury, corexii_item_surrounded_by_moat,
          chequers_mini_garden
Temple:   jpeg_temple_clearing

Skill      XL: |  1  2  3  4  5  6  7  8  9 |
---------------+----------------------------+-----
Short Blades   | 3 4 5 6 8 9 |  9.2
Fighting       | 3 4 5 6 |  6.0
Throwing       | 3 4 5 |  5.9
Invocations    | 1 3 |  3.9
Dodging        | |  1.1
Stealth        | |  4.0

Action                   |  1- 3 |  4- 6 |  7- 9 || total
-------------------------+-------+-------+-------++-------
Melee: Dagger            |    50 |   216 |   303 ||   569
       Kick              |    14 |    56 |   102 ||   172
       Peck              |     2 |    35 |    72 ||   109
       Punch             |       |     3 |     9 ||    12
Throw: Stone             |    60 |    87 |   183 ||   330
       Dart              |     1 |     6 |     4 ||    11
       Boomerang         |       |       |     4 ||     4
       Throwing net      |       |       |     1 ||     1
Invok: Heroism           |       |       |     3 ||     3
  Use: Scroll            |       |     4 |     8 ||    12
 Stab: Sleeping          |     6 |     4 |     5 ||    15
       Held in net/web   |       |       |     1 ||     1
Armor: Robe              |     5 |     9 |       ||    14
       Leather armour    |       |    18 |    45 ||    63
Dodge: Dodged            |    16 |   137 |   162 ||   315

Table legend: (Time is in decaauts)
 A = Elapsed time spent in this place.
 B = Non-inter-level travel time spent in this place.
 C = Inter-level travel time spent in this place.
 D = Time resting spent in this place.
 E = Time spent auto-exploring this place.
 F = Levels seen in this place.
 G = Mean time per level.
                   A        B        C        D        E       F      G
               +--------+--------+--------+--------+--------+-----+--------+
         Total |   7777 |   7596 |    181 |    271 |   5725 |   9 |  864.1 |
       Dungeon |   7119 |   6976 |    143 |    271 |   5318 |   7 | 1017.0 |
        Temple |    133 |     96 |     37 |      0 |     80 |   1 |  133.0 |
         Sewer |    524 |    524 |      0 |      0 |    326 |   1 |  524.0 |
               +--------+--------+--------+--------+--------+-----+--------+

Top non-repeatable levels by time:
     D:6: 1755 daAuts
     D:4: 1264 daAuts
     D:2: 1219 daAuts
     D:5: 1057 daAuts
     D:1: 895 daAuts
     D:3: 785 daAuts
   Sewer: 524 daAuts
     D:7: 141 daAuts
  Temple: 133 daAuts
